Map: Lightshade LE

Players

Raoulf - Winner!

  • Race: Protoss Protoss
  • League: Diamond

Osiris

  • Race: Terran Terran
  • League: Master

VOD

Have the link to the VOD?

Description

Time

  • Played on: May 25, 2021, 12:54 p.m.
  • Length: 12:49
Show
View Real Time Build Order
Export as new Build Order

Raoulf Protoss - Winner!

Build Orders: 1 Gate Expand, Double Forge, Blink Stalkers 

Get SALT Encoding   

  12  0:00  Probe  
  13  0:12  Probe  
  14  0:21  Pylon  
  14  0:24  Probe  
  15  0:39  Probe (Chrono Boost)  
  15  0:41  Gateway  
  16  0:48  Probe (Chrono Boost), Assimilator  
  17  0:53  Probe (Chrono Boost)  
  18  1:05  Probe  
  19  1:17  Probe  
  20  1:25  Nexus  
  20  1:36  Cybernetics Core  
  20  1:39  Probe  
  21  1:44  Assimilator  
  21  1:52  Pylon, Probe  
  22  2:04  Probe  
  23  2:10  Stalker (Chrono Boost)  
  25  2:17  Twilight Council  
  25  2:23  Probe, Warp Gate  
  26  2:35  Probe (Chrono Boost)  
  27  2:40  Probe (Chrono Boost)  
  27  2:42  Stalker  
  30  2:47  Probe (Chrono Boost)  
  30  2:49  Probe (Chrono Boost)  
  32  2:52  Probe (Chrono Boost)  
  32  2:53  Blink (Chrono Boost)  
  32  2:56  Probe  
  34  3:01  Probe  
  35  3:08  Probe  
  35  3:12  Stalker  
  38  3:13  Probe  
  39  3:20  Probe (Chrono Boost)  
  39  3:25  Gateway  
  40  3:27  Gateway  
  40  3:33  Probe (Chrono Boost)  
  42  3:34  Pylon, Probe (Chrono Boost)  
  42  3:40  Probe (Chrono Boost)  
  43  3:41  Probe (Chrono Boost), Assimilator  
  43  3:47  Stalker  
  46  3:52  Probe  
  46  3:55  Probe  
  48  4:04  Probe  
  48  4:07  Gateway  
  48  4:09  Gateway  
  49  4:12  Pylon  
  49  4:33  Stalker x3  
  55  4:42  Forge  
  55  4:44  Nexus  
  55  4:45  Probe x2, Forge  
  57  4:47  Charge  
  57  4:57  Probe x2  
  59  5:05  Pylon  
  59  5:09  Gateway  
  59  5:13  Gateway  
  59  5:14  Gateway  
  59  5:15  Protoss Ground Weapons Level 1 (Chrono Boost), Protoss Ground Armor Level 1 (Chrono Boost)  
  59  5:22  Probe  
  59  5:23  Probe  
  59  5:25  Zealot x3  
  67  5:29  Pylon  
  67  5:35  Probe  
  68  5:49  Probe, Zealot  
  71  5:50  Zealot x2  
  71  5:52  Shield Battery  
  71  5:54  Shield Battery  
  71  5:56  Probe x2  
  77  6:01  Probe  
  77  6:04  Pylon  
  78  6:06  Pylon  
  78  6:08  Probe  
  78  6:09  Probe  
  80  6:13  Probe  
  79  6:24  Probe x2, Zealot  
  79  6:25  Probe, Zealot x5  
  94  6:30  Assimilator  
  94  6:32  Templar Archives  
  94  6:35  Pylon  
  94  6:36  Probe x2  
  94  6:37  Probe  
  97  6:48  Probe  
  97  6:51  Stalker  
  97  6:52  Stalker x5  
  108  7:02  Photon Cannon  
  108  7:06  Photon Cannon  
  108  7:08  Photon Cannon  
  108  7:09  Protoss Ground Armor Level 2 (Chrono Boost), Protoss Ground Weapons Level 2 (Chrono Boost)  
  108  7:13  Psionic Storm  
  108  7:24  Photon Cannon  
  108  7:26  Probe  
  108  7:27  Probe  
  110  7:33  Zealot  
  110  7:34  High Templar x2  
  116  7:40  Pylon x2  
  114  8:01  Zealot x4  
  122  8:10  Probe, Robotics Facility  
  122  8:12  Nexus  
  123  8:14  Pylon  
  123  8:16  Pylon  
  123  8:17  Robotics Facility  
  123  8:19  Probe  
  124  8:22  Pylon  
  124  8:24  High Templar x2  
  124  8:25  Zealot  
  124  8:26  Zealot  
  130  8:45  Zealot x2  
  124  8:57  Zealot x4  
  100  9:10  Zealot x2  
  102  9:28  Zealot x4  
  104  9:46  High Templar x2, Protoss Ground Armor Level 3 (Chrono Boost), Protoss Ground Weapons Level 3 (Chrono Boost)  
  108  9:54  Probe x3  
  108  9:55  Robotics Bay  
  111  10:01  Gateway x2  
  111  10:02  High Templar x2  
  111  10:04  Gateway  
  111  10:06  Zealot x2  
  119  10:08  Gateway x2  
  119  10:09  Probe x2  
  119  10:10  Probe, Gateway  
  122  10:21  Zealot x2  
  126  10:23  Shield Battery  
  126  10:27  Shield Battery  
  126  10:32  Pylon  
  126  10:37  Zealot x4  
  126  10:38  Pylon  
  126  10:39  Colossus x2 (Chrono Boost)  
  146  10:45  Probe x2  
  146  10:47  Assimilator  
  146  10:48  Pylon, Probe, Assimilator  
  149  10:50  Assimilator  
  149  10:51  Assimilator, Extended Thermal Lance (Chrono Boost)  
  149  10:54  Pylon  
  149  10:57  Zealot x5  
  149  10:58  Zealot x2  
  149  10:59  Zealot x2  
  167  11:10  Pylon  
  167  11:13  Zealot x2  
  167  11:14  Pylon, Zealot  
  173  11:21  Pylon  
  173  11:25  Colossus x2 (Chrono Boost)  
  173  11:27  Pylon  
  182  11:45  Probe x4  
  186  11:52  Stalker  
  183  12:01  Zealot x7  
  187  12:02  Zealot  
  199  12:20  Nexus  
  197  12:44  Archon x3  
Show
View Real Time Build Order
Export as new Build Order

Osiris Terran 

Build Orders:  

Get SALT Encoding   

  12  0:00  SCV  
  13  0:12  SCV  
  14  0:18  Supply Depot  
  14  0:25  SCV  
  15  0:40  SCV  
  15  0:42  Barracks  
  16  0:48  Refinery  
  16  0:52  SCV  
  17  1:04  SCV  
  18  1:16  SCV  
  19  1:28  Orbital Command  
  19  1:29  Marine  
  20  1:41  Command Center  
  20  1:51  Supply Depot  
  20  1:54  Barracks Reactor  
  20  1:55  SCV  
  21  2:07  SCV  
  22  2:12  Factory  
  22  2:20  Refinery  
  22  2:21  SCV  
  23  2:24  Bunker  
  23  2:30  Marine x2  
  23  2:33  SCV  
  26  2:46  SCV  
  26  2:48  Marine x2  
  29  2:52  Orbital Command  
  29  2:56  Hellion  
  29  2:58  SCV  
  32  3:06  Starport  
  32  3:10  SCV  
  33  3:15  Marine  
  33  3:16  Marine  
  33  3:18  SCV  
  36  3:20  Factory Tech Lab  
  36  3:25  SCV, Supply Depot  
  37  3:30  SCV  
  37  3:33  Marine x2  
  40  3:40  SCV  
  41  3:46  SCV  
  42  3:48  Factory Tech Lab  
  41  3:56  Raven  
  41  3:57  Marine x2  
  41  3:58  SCV  
  41  4:00  Supply Depot  
  41  4:01  Refinery  
  41  4:02  SCV  
  47  4:10  SCV, Siege Tank  
  47  4:14  SCV, Engineering Bay  
  52  4:24  Marine  
  52  4:25  Marine, SCV, Bunker  
  52  4:29  SCV  
  52  4:30  Supply Depot  
  54  4:37  SCV  
  55  4:40  Terran Infantry Weapons Level 1  
  55  4:44  Marine x2, Siege Tank  
  60  4:51  SCV  
  60  4:52  Banshee  
  64  4:53  SCV  
  64  4:54  Supply Depot  
  65  5:04  SCV  
  65  5:05  Marine x2  
  68  5:13  SCV  
  69  5:15  Barracks  
  69  5:16  Barracks, Siege Tank  
  69  5:20  Supply Depot  
  71  5:25  SCV  
  71  5:27  Marine x2  
  74  5:28  Refinery  
  74  5:31  SCV  
  75  5:37  SCV  
  75  5:47  SCV, Marine x2  
  80  5:51  Siege Tank  
  80  5:52  SCV, Supply Depot  
  84  5:59  SCV  
  82  6:05  Barracks Tech Lab  
  82  6:06  SCV  
  84  6:11  SCV  
  84  6:13  Supply Depot  
  85  6:18  SCV  
  85  6:20  Supply Depot  
  85  6:23  SCV, Stimpack  
  85  6:24  Combat Shield, Siege Tank  
  85  6:25  Command Center  
  90  6:26  Marauder x2  
  90  6:27  Marine  
  90  6:29  Starport Reactor  
  94  6:34  Marine, SCV  
  94  6:36  SCV  
  97  6:41  Supply Depot  
  97  6:43  Supply Depot  
  97  6:45  Terran Infantry Armor Level 1  
  97  6:47  SCV  
  98  6:58  Marine x2  
  98  6:59  Marauder x2  
  98  7:00  Siege Tank  
  98  7:01  SCV  
  105  7:06  Medivac x2  
  109  7:11  SCV, Barracks  
  109  7:12  Barracks  
  110  7:18  SCV, Supply Depot x2  
  113  7:24  Marauder  
  113  7:26  Marauder  
  113  7:27  SCV  
  116  7:30  SCV  
  117  7:52  SCV  
  118  7:59  Marauder x2  
  118  8:02  Barracks Tech Lab x2  
  122  8:07  Engineering Bay  
  122  8:11  Armory  
  122  8:12  Marine x2  
  124  8:15  Refinery  
  124  8:19  Supply Depot x2  
  124  8:20  Supply Depot  
  124  8:22  SCV, Orbital Command  
  124  8:23  Marauder x2  
  124  8:24  Marauder x2  
  124  8:26  SCV  
  134  8:29  Siege Tank  
  134  8:30  Medivac x2  
  126  9:00  Marauder  
  126  9:01  Marine x3, Marauder x2  
  90  9:20  Marauder  
  90  9:22  Marauder  
  94  9:29  Factory Reactor  
  91  9:45  Orbital Command  
  81  9:47  Marine x3, Marauder x3  
  81  9:51  Ghost Academy  
  90  9:54  Terran Infantry Weapons Level 2, Terran Infantry Armor Level 2  
  90  9:55  Terran Vehicle And Ship Armor Level 1  
  90  9:56  Barracks  
  90  9:57  Barracks  
  90  9:59  Barracks  
  90  10:03  Liberator x2  
  90  10:05  SCV  
  90  10:06  Widow Mine x2  
  101  10:10  Sensor Tower  
  101  10:11  Refinery  
  101  10:12  Refinery  
  101  10:18  Marine, Marauder  
  101  10:19  Marine x2, Marauder x2  
  101  10:21  SCV  
  111  10:36  Marine  
  111  10:38  Enhanced Shockwaves  
  111  10:40  Marine  
  111  10:41  Widow Mine x2  
  117  10:43  SCV x3  
  120  10:53  Command Center  
  120  11:07  Marauder, Barracks Tech Lab, Barracks Reactor  
  120  11:08  Ghost x2  
  120  11:09  Marine x2  
  120  11:10  SCV  
  120  11:11  Ghost  
  131  11:21  Widow Mine x2  
  135  11:29  Ghost x2  
  135  11:31  Marine x2  
  141  11:45  Ghost  
  141  11:46  Marine x2, Ghost  
  137  11:55  Liberator  
  137  11:59  Marauder x2  
  137  12:00  Marauder  
  143  12:20  Command Center  
Tags
 
Add a new tag
Caveats
  • Supply blocks, unpowered buildings, or Contaminate may cause inaccurate times.
  • Supply counts are checked every 10 seconds.